 Dungeon Crawl Stone Soup version 0.24-a0-378-g94936e539c (webtiles) character file.

Game seed: 2618786329065850292

116 HAL9000 the Ruffian (level 4, -3/35 HPs)
             Began as a Draconian Transmuter on June 1, 2019.
             Splashed by a jelly's acid (8 damage)
             ... on level 2 of the Dungeon.
             The game lasted 00:02:30 (1819 turns).

HAL9000 the Ruffian (Draconian Transmuter)          Turns: 1819, Time: 00:02:31

Health: -3/35      AC: -7    Str: 13    XL:     4   Next: 70%
Magic:  7/7        EV: 12    Int: 13    God:
Gold:   41         SH:  0    Dex: 12    Spells: 4/7 levels left

rFire    . . .     SeeInvis .     - Unarmed
rCold    . . .     Gourm    +   (no shield)
rNeg     . . .     Faith    .   (armour unavailable)
rPois    .         Spirit   .   (helmet restricted)
rElec    .         Reflect  .   (no cloak)
rCorr    .         Harm     .   (no gloves)
MR       .....                  (no boots)
Stlth    +.........             d - amulet of the gourmand
HPRegen  0.11/turn              (no ring)
MPRegen  0.10/turn              (no ring)

@: corroded
A: unfitting armour, cold-blooded, AC +5
a: no special abilities


You were on level 2 of the Dungeon.
You were not hungry.

You visited 1 branch of the dungeon, and saw 2 of its levels.

You collected 41 gold pieces.

Inventory:

Missiles
 a - 10 arrows
Jewellery
 d - an amulet of the gourmand (around neck)
Scrolls
 b - 2 scrolls of identify {unknown}
 e - a scroll of blinking {unknown}
 g - 2 scrolls of remove curse {unknown}
 h - a scroll of teleportation {unknown}
 i - a scroll of fog {unknown}
Potions
 f - a potion of flight {unknown}
 j - a potion of resistance {unknown}
Comestibles
 c - 4 rations


   Skills:
 - Level 1.1 Fighting
 - Level 1.7 Dodging
 + Level 4.7 Unarmed Combat
 - Level 2.0 Spellcasting
 * Level 3.4 Transmutations


You had 4 spell levels left.
You knew the following spells:

 Your Spells              Type           Power        Failure   Level  Hunger
a - Beastly Appendage     Tmut           ##....       6%          1    ##.....
b - Sticks to Snakes      Tmut           ##......     10%         2    ###....

Your spell library contained the following spells:

 Spells                   Type           Power        Failure   Level  Hunger
 Spider Form              Tmut/Pois      #.........   36%         3    ####...
 Ice Form                 Ice/Tmut       #.......     77%         4    #####..
 Blade Hands              Tmut           ##........   86%         5    ######.


Dungeon Overview and Level Annotations

Branches:
Dungeon (2/15)

Altars:
Dithmenos
Sif Muna
Xom


Innate Abilities, Weirdness & Mutations

Your plain brown scales are hard. (AC +5)
You cannot fit into any form of body armour.
You are cold-blooded and may be slowed by cold attacks.


Message History

Things that are here:
a +0 whip; a kobold corpse Your transformation is almost over.
The jelly jiggles.
You see here a stone.
You see here 2 stones.
The ooze jiggles.
You see here a stone.
There is an open door here.
Your talons disappear.
There is an open gate here.
As you close the gate, it creaks loudly!
You hear a slurping noise.
The jelly eats the door!
Items here: ( )) † a +0 whip; a +0 club; 3 stones; a kobold corpse The jelly hits you.
* * * LOW HITPOINT WARNING * * *
The acid corrodes you!
You are splashed with acid!
You die...

#.......# #...J...#
#.......# #.......# #.#
##.....## #.#.. ##...##
#.#.# ##J++##
#.#.#########.)...#
#.#.#......@J(#.###
#.#.#.#######...# #.....#
#.### #.....# #.#########
##)..## #.......... ##.##
#..######## ##.#.##
#..########
######.###.#######..........
.......# ##.........########


You could see a jelly and an ooze.

Vanquished Creatures
  A jelly (D:2)
  An orc wizard (D:1)
  2 adders (D:2)
  2 oozes (D:2)
  A leopard gecko (D:1)
  2 orcs
  2 bats (D:1)
  2 giant cockroaches
  2 hobgoblins
  12 kobolds
  A quokka (D:2)
  3 frilled lizards
  2 rats
33 creatures vanquished.

Vanquished Creatures (others)
  A fungus (D:2)
  7 toadstools (D:2)
8 creatures vanquished.

Grand Total: 41 creatures vanquished

Notes
Turn   | Place    | Note
-------+----------+-------------------------------------------
     0 | D:1      | HAL9000 the Draconian Transmuter began the quest for the
                  | Orb.
     0 | D:1      | Reached XP level 1. HP: 16/16 MP: 3/3
   401 | D:1      | Reached XP level 2. HP: 21/23 MP: 5/5
   410 | D:1      | Learned a level 2 spell: Sticks to Snakes
   943 | D:1      | Reached skill level 4 in Unarmed Combat
   943 | D:1      | Reached XP level 3. HP: 16/28 MP: 6/6
  1428 | D:2      | Found a deep blue altar of Sif Muna.
  1428 | D:2      | Found a shimmering altar of Xom.
  1511 | D:2      | Found a shadowy altar of Dithmenos.
  1679 | D:2      | Reached XP level 4. HP: 31/35 MP: 5/7
  1819 | D:2      | Splashed by a jelly's acid

Levels and vault maps discovered:
D:1:      co_arrival_random_square_maze, layout_basic
D:2:      cheibrodos_fertilizer, layout_loops_ring, lemuel_crystal_altar,
          grunt_temple_overflow_open, minmay_pentomino_t4

Skill      XL: |  1  2  3 |
---------------+----------+-----
Unarmed Combat | 4 |  4.7
Transmutations | 3 |  3.4
Fighting       | |  1.1
Dodging        | |  1.7
Spellcasting   | |  2.0

Action                   |  1- 3 |  4- 6 || total
-------------------------+-------+-------++-------
Melee: Unarmed           |    87 |    31 ||   118
       Tailslap          |     5 |     2 ||     7
       Kick              |     3 |     3 ||     6
       Headbutt          |     3 |     1 ||     4
       Punch             |     1 |       ||     1
 Cast: Beastly Appendage |    10 |     3 ||    13
       Sticks to Snakes  |     2 |       ||     2
 Stab: Sleeping          |     1 |       ||     1
  Eat: Chunk             |     2 |     2 ||     4
Armor: Skin              |    23 |     6 ||    29
Dodge: Dodged            |    46 |    13 ||    59

Table legend:
 A = Non-vault XP
 B = Vault XP
 C = Vault XP percentage of total XP
 D = Non-vault monster count
 E = Vault monster count
 F = Vault count percentage of total count
                 A         B        C        D         E       F
            +---------+---------+-------+---------+---------+-------
      Total |      97 |      70 |  41.9 |      21 |      12 |  36.4
            +---------+---------+-------+---------+---------+-------
        D:1 |      60 |       0 |   0.0 |      12 |       0 |   0.0
        D:2 |      37 |      70 |  65.4 |       9 |      12 |  57.1
            +---------+---------+-------+---------+---------+-------
